 Dungeon Crawl Stone Soup version 0.25.1-2-g60ff931df9 (webtiles) character file.

Game seed: 10246337262066772186

46994 DearestLeader the Earth Mage (level 14, -11/68 HPs)
             Began as a Gargoyle Earth Elementalist on Sept 17, 2020.
             Was a High Priest of Vehumet.
             Mangled by a red draconian
             ... wielding a +1 great mace of flaming
              (36 damage)
             ... in a volcano on Sept 18, 2020.
             The game lasted 01:05:06 (20259 turns).

DearestLeader the Earth Mage (GrEE)                Turns: 20259, Time: 01:05:06

Health: -11/68     AC: 16    Str: 14    XL:     14   Next: 40%
Magic:  2/27       EV: 19    Int: 19    God:    Vehumet [*****.]
Gold:   1005       SH:  0    Dex: 10    Spells: 9/31 levels left

rFire    + + .     SeeInvis +   e - +4 dagger (venom)
rCold    + + .     Gourm    .   (no shield)
rNeg     + . .     Faith    .   H - +2 robe {rC+}
rPois    ∞         Spirit   .   z - +0 helmet of the Lute {rF+ Regen+ Slay+6}
rElec    +         Reflect  .   P - scarf {rC+ rF+}
rCorr    .         Harm     .   (no gloves)
MR       +....                  y - +0 pair of boots
Stlth    ++........             (no amulet)
HPRegen  0.61/turn              E - +4 ring of evasion
MPRegen  0.20/turn              T - ring of see invisible

@: no status effects
A: big wings, negative energy resistance 1, electricity resistance, unbreathing,
petrification resistance, rot immunity, AC +10
a: Fly, Renounce Religion


You were in a volcano.
You worshipped Vehumet.
Vehumet was extremely pleased with you.
You were not hungry.

You visited 3 branches of the dungeon, and saw 18 of its levels.
You visited the Abyss 1 time.
You also visited: Sewer and Volcano.

You collected 1070 gold pieces.
You spent 65 gold pieces at shops.

Inventory:

Hand Weapons
 e - a +4 dagger of venom (weapon)
Missiles
 b - 107 stones (quivered)
Armour
 y - a +0 pair of boots (worn)
 z - the +0 helmet of the Lute (worn) {rF+ Regen+ Slay+6}
   (You found it on level 11 of the Dungeon)

   It affects your accuracy and damage with ranged weapons and melee attacks
   (+6).
   It protects you from fire.
   It increases your rate of regeneration.
 G - a scarf of repulsion
 H - a +2 robe of cold resistance (worn)
 N - a +2 helmet
 P - a scarf of resistance (worn)
 S - a +0 buckler
Magical Staves
 u - an uncursed staff of death
Jewellery
 v - an uncursed amulet of faith
 E - a +4 ring of evasion (left hand)
 T - a ring of see invisible (right hand)
Wands
 c - a wand of iceblast (7)
 J - a wand of paralysis (11)
 K - a wand of random effects (14)
 L - a wand of disintegration (10)
 Q - a wand of digging (6)
 R - a wand of enslavement (10)
Scrolls
 f - 8 scrolls of amnesia
 g - 3 scrolls of silence
 i - 5 scrolls of magic mapping
 j - 8 scrolls of remove curse
 l - 2 scrolls of fog
 n - 3 scrolls of enchant weapon
 o - 5 scrolls of immolation
 p - 10 scrolls of teleportation
 w - 6 scrolls of fear
 F - a scroll of torment {unknown}
 I - a scroll of enchant armour {unknown}
 M - 3 scrolls of identify
 U - a scroll of acquirement {unknown}
Potions
 a - a potion of berserk rage
 k - a potion of haste
 m - a potion of degeneration {unknown}
 q - 4 potions of lignification
 r - 2 potions of invisibility {unknown}
 s - a potion of heal wounds
 t - 5 potions of flight
 x - 4 potions of stabbing
 A - 2 potions of might
 B - 2 potions of magic {unknown}
 C - 5 potions of brilliance
 D - 4 potions of curing
Miscellaneous
 O - a phial of floods
Comestibles
 d - 24 rations


   Skills:
 + Level 8.3 Dodging
 - Level 2.1 Stealth
 * Level 2.1 Shields
 + Level 9.0 Spellcasting
 + Level 11.0 Conjurations
 - Level 0.7 Transmutations
 * Level 18.7 Earth Magic
 - Level 7.0 Poison Magic


You had 9 spell levels left.
You knew the following spells:

 Your Spells              Type           Power        Failure   Level  Hunger
a - Sandblast             Erth           ######       0%          1    None
b - Stone Arrow           Conj/Erth      ######       1%          3    None
c - Passwall              Tmut/Erth      #####...     1%          2    None
d - Lee's Rapid Deconstr  Erth           ######....   1%          5    #####..
e - Petrify               Tmut/Erth      #####...     1%          4    ###....
f - Mephitic Cloud        Conj/Pois/Air  ####....     1%          3    None
g - Olgreb's Toxic Radia  Pois           #####...     1%          4    ###....

Your spell library contained the following spells:

 Spells                   Type           Power        Failure   Level  Hunger
 Freezing Cloud           Conj/Ice/Air   ###.......   54%         6    ######.
 Foxfire                  Conj/Fire      ####         1%          1    None
 Magic Dart               Conj           ####         1%          1    None
 Conjure Flame            Conj/Fire      ####....     1%          3    None
 Sticky Flame             Conj/Fire      ####....     2%          4    ###....
 Beastly Appendage        Tmut           ##....       6%          1    None
 Inner Flame              Hex/Fire       #.......     7%          3    None
 Fireball                 Conj/Fire      ####......   7%          5    #####..
 Corona                   Hex            #......      9%          1    None
 Summon Butterflies       Summ           #.......     9%          1    None
 Summon Small Mammal      Summ           #...         9%          1    None
 Blink                    Tloc           N/A          12%         2    None
 Call Imp                 Summ           #.......     12%         2    None
 Slow                     Hex            #.......     12%         2    None
 Call Canine Familiar     Summ           #.......     24%         3    None
 Summon Ice Beast         Ice/Summ       #.......     63%         4    ###....
 Summon Mana Viper        Hex/Summ       #.......     92%         5    #####..
 Summon Hydra             Summ           #.........   100%        7    #######


Dungeon Overview and Level Annotations

Branches:
Dungeon (12/15)            Temple (1/1) D:5            Lair (5/6) D:11
  Swamp (0/4) Lair:4       Spider (0/4) Lair:3          Orc (0/2) D:12
  Sewer (visited)         Volcano (1/1)
  Slime: Lair:5-6

Altars:
Ashenzari
Cheibriados
Dithmenos
Elyvilon
Fedhas
Gozag
Hepliaklqana
Kikubaaqudgha
Makhleb
Nemelex Xobeh
Okawaru
Qazlal
Ru
Trog
Uskayaw
Vehumet
Xom
Yredelemnul
The Shining One
Jiyva

Shops:
D:8 !**=:

Portals:
Trove: D:10 (give +8 demon blade)

Annotations:
D:2 Crazy Yiuf


Innate Abilities, Weirdness & Mutations

You are resistant to torment.
Your stone body is resilient. (AC +10)
You are immune to poison.
Your large and strong wings let you fly indefinitely.
You resist negative energy. (rN+)
You are resistant to electric shocks. (rElec)
You can survive without breathing.
You are immune to petrification.
You are immune to rotting.


Message History

The red draconian completely misses you.
Casting: Stone Arrow (safe; 1% risk of failure)
Confirm with . or Enter, or press ? or * to list all spells.
Aiming: Stone Arrow (safe; 1% risk of failure)
Press: ? - help, Shift-Dir - straight line, f/p - red draconian
Aim: a red draconian, wielding a +1 great mace of flaming and wearing a +0 cloak (heavily wounded, berserk)
The stone arrow hits the red draconian!!
The red draconian is severely wounded.
The red draconian hits you with a +1 great mace of flaming.
Casting: Stone Arrow (safe; 1% risk of failure)
Confirm with . or Enter, or press ? or * to list all spells.
Aiming: Stone Arrow (safe; 1% risk of failure)
Press: ? - help, Shift-Dir - straight line, f/p - red draconian
Aim: a red draconian, wielding a +1 great mace of flaming and wearing a +0 cloak (severely wounded, berserk)
The stone arrow hits the red draconian!
The red draconian is severely wounded.
The red draconian closely misses you.
The red draconian hits you with a +1 great mace of flaming!!!
Ouch! That really hurt!
You die...

######## ##)![..[##
#∩!_:...?# #.).[.d).#
###@.# ###### #####.).##
####..§.. #≈≈≈.####
####....§§≈§
####°○○○#####8.....≈≈§≈§
#≈≈°°####.'.......≈§§§§§
####°○≈≈#.###8....≈≈≈§≈§
#≈≈°°####.# ###..≈§≈≈§§≈
####°○○○#.# #.§.§≈≈≈≈≈
#☼☼°°####.# ..≈≈§≈≈≈≈§


You could see a red draconian (berserk).

Vanquished Creatures
  Rupert (Lair:4)
  2 ogre magi
  3 hydras
  4 death yaks
  7 two-headed ogres
  Sonja (D:12)
  An unseen horror (D:12)
  An obsidian statue (Volcano)
  2 cyclopes (D:12)
  6 elephants (Lair:4)
  2 centaur zombies
  4 black mambas
  Psyche (D:12)
  Maggie (Lair:2)
  6 spiny frogs
  2 gargoyles
  A centaur skeleton (D:11)
  2 rime drakes
  A kobold demonologist (D:12)
  2 komodo dragons
  3 jumping spiders (Lair:3)
  2 trolls
  A polar bear (Lair:3)
  Prince Ribbit (D:6)
  2 bog bodies (Lair:4)
  5 dream sheep (Lair:3)
  10 hippogriffs
  A spriggan (D:10)
  A shadow (D:12)
  5 redbacks (Lair:3)
  2 wyverns
  A water elemental (D:12)
  3 fire bats (Volcano)
  41 yaks
  2 wraiths
  8 vampire mosquitoes
  9 water moccasins
  2 swamp worms (Lair:4)
  A soldier ant (D:11)
  10 porcupines
  7 orc warriors
  4 ice beasts
  3 sky beasts
  3 phantoms
  A black bear (D:11)
  8 ogres
  An eye of draining (D:12)
  4 centaurs
  10 crocodiles
  Blork the orc (D:6)
  A big kobold (D:12)
  14 bullfrogs
  A wyvern zombie (D:11)
  4 scorpions
  20 killer bees
  8 wights
  A howler monkey (D:8)
  2 electric eels
  4 crimson imps
  4 lava snakes (Volcano)
  8 hounds
  5 quasits
  2 jellies (D:8)
  3 bullfrog skeletons
  3 bullfrog zombies
  A gnoll shaman (D:6)
  7 orc priests
  13 orc wizards
  3 iguanas
  Natasha (thrice) (D:2)
  9 worker ants
  A hound zombie (D:6)
  A hound skeleton (D:6)
  A worker ant zombie (D:11)
  A howler monkey skeleton (D:6)
  4 gnolls (D:6)
  4 river rats (Sewer)
  6 adders
  3 shadow imps
  3 oozes
  An adder skeleton (D:6)
  4 worms
  6 dart slugs
  8 leopard geckos
  64 orcs
  8 ball pythons
  11 bats
  5 giant cockroaches
  6 goblins
  8 hobgoblins
  8 jackals
  7 quokkas
  11 frilled lizards
  A giant cockroach zombie (D:5)
  14 kobolds
  A leopard gecko zombie (D:5)
  2 quokka skeletons
  17 rats
  A plant (Lair:3)
525 creatures vanquished.

Vanquished Creatures (others)
  A two-headed ogre (D:11)
  An adder (D:11)
  A quokka (D:9)
  4 fungi (Lair:2)
7 creatures vanquished.

Grand Total: 532 creatures vanquished

Notes
Turn   | Place    | Note
-------+----------+-------------------------------------------
     0 | D:1      | DearestLeader the Gargoyle Earth Elementalist began the
                  | quest for the Orb.
     0 | D:1      | Reached XP level 1. HP: 10/10 MP: 3/3
   258 | D:1      | Reached skill level 4 in Earth Magic
   279 | D:1      | Reached XP level 2. HP: 9/15 MP: 0/5
   616 | D:1      | Reached XP level 3. HP: 13/19 MP: 6/6
   618 | D:1      | Reached skill level 5 in Earth Magic
  1125 | D:2      | Found a blossoming altar of Fedhas.
  1208 | D:2      | Noticed Natasha
  1211 | D:2      | Killed Natasha
  1211 | D:2      | Reached skill level 6 in Earth Magic
  1211 | D:2      | Reached XP level 4. HP: 24/24 MP: 4/7
  1319 | D:2      | Noticed Natasha
  1328 | D:2      | Killed Natasha
  1505 | D:2      | Found a runed translucent door.
  1506 | D:2      | Noticed Crazy Yiuf
  1545 | D:2      | Reached XP level 5. HP: 26/28 MP: 8/8
  1589 | D:2      | Learned a level 3 spell: Stone Arrow
  1592 | D:2      | Learned a level 2 spell: Passwall
  2298 | D:2      | Noticed Natasha
  2302 | D:2      | Killed Natasha
  2354 | D:3      | Reached skill level 7 in Earth Magic
  2464 | D:3      | Reached skill level 1 in Conjurations
  2875 | D:3      | Found a shimmering altar of Xom.
  3116 | D:3      | Reached XP level 6. HP: 32/32 MP: 5/9
  3566 | D:3      | Found a basalt altar of Yredelemnul.
  3600 | D:3      | Found an opulent altar of Gozag.
  3808 | D:3      | Reached skill level 8 in Earth Magic
  4438 | D:4      | Reached XP level 7. HP: 31/36 MP: 10/10
  4827 | D:4      | Reached skill level 9 in Earth Magic
  4869 | D:4      | Found a shadowy altar of Dithmenos.
  4914 | D:4      | Found a hazy altar of Hepliaklqana.
  5215 | D:5      | Entered Level 5 of the Dungeon
  5225 | D:5      | Found a glowing drain.
  5334 | Sewer    | Entered a sewer
  6075 | D:5      | Found a staircase to the Ecumenical Temple.
  6085 | Temple   | Entered the Ecumenical Temple
  6099 | Temple   | Became a worshipper of Vehumet
  6633 | D:6      | Noticed Prince Ribbit
  6637 | D:6      | Killed Prince Ribbit
  6637 | D:6      | Reached skill level 10 in Earth Magic
  6637 | D:6      | Reached XP level 8. HP: 19/41 MP: 8/13
  6647 | D:6      | Learned a level 5 spell: Lee's Rapid Deconstruction
  6839 | D:6      | Reached skill level 11 in Earth Magic
  6972 | D:6      | Reached XP level 9. HP: 45/45 MP: 11/16
  6988 | D:6      | Reached skill level 5 in Spellcasting
  7215 | D:6      | Reached skill level 12 in Earth Magic
  7308 | D:6      | Found a shattered altar of Ashenzari.
  7376 | D:6      | Reached * piety under Vehumet
  7376 | D:6      | Offered knowledge of Shock by Vehumet.
  7388 | D:6      | Learned a level 4 spell: Petrify
  7529 | D:6      | Noticed Blork the orc
  7533 | D:6      | Killed Blork the orc
  7793 | D:6      | Found a burning altar of Makhleb.
  8343 | D:7      | Reached skill level 13 in Earth Magic
  8625 | D:7      | Reached ** piety under Vehumet
  8625 | D:7      | Offered knowledge of Magic Dart by Vehumet.
  8640 | D:7      | Reached skill level 5 in Conjurations
  8640 | D:7      | Reached XP level 10. HP: 29/50 MP: 11/17
  9238 | D:8      | Found Veuthraky's General Store.
  9353 | D:8      | Identified Sazxuror's Spellweaving for Dummies
  9359 | D:8      | Found an iron altar of Okawaru.
  9499 | D:8      | Found Ciacur's Book Shop.
  9688 | D:8      | Found Kail's Jewellery Emporium.
  9714 | D:8      | Found Racs's Distillery.
  9717 | D:8      | Noticed a two-headed ogre
  9725 | D:8      | Killed a two-headed ogre
  9725 | D:8      | Reached skill level 14 in Earth Magic
  9726 | D:8      | Offered knowledge of Mephitic Cloud by Vehumet.
  9731 | D:8      | Learned a level 3 spell: Mephitic Cloud
  9737 | D:8      | Bought a potion of heal wounds for 65 gold pieces
  9953 | D:8      | Found Wodiescha's General Store.
 10138 | D:8      | Reached skill level 1 in Poison Magic
 10220 | D:9      | Reached *** piety under Vehumet
 10452 | D:9      | Found an ancient bone altar of Kikubaaqudgha.
 10457 | D:9      | Offered knowledge of Olgreb's Toxic Radiance by Vehumet.
 10460 | D:9      | Reached XP level 11. HP: 54/54 MP: 2/18
 10526 | D:9      | HP: 1/54 [yak (13)]
 10740 | D:9      | Found a snail-covered altar of Cheibriados.
 10851 | D:9      | Found a stormy altar of Qazlal.
 10920 | D:9      | Reached skill level 5 in Dodging
 10923 | D:9      | Reached skill level 15 in Earth Magic
 11016 | D:9      | Found a white marble altar of Elyvilon.
 11133 | D:10     | Entered Level 10 of the Dungeon
 11173 | D:10     | Noticed a two-headed ogre
 11181 | D:10     | Killed a two-headed ogre
 11369 | D:10     | Noticed a two-headed ogre
 11378 | D:10     | Killed a two-headed ogre
 11421 | D:10     | Noticed a two-headed ogre
 11426 | D:10     | Killed a two-headed ogre
 11696 | D:10     | Reached **** piety under Vehumet
 11791 | D:10     | Found a portal to a secret trove of treasure.
 12353 | D:10     | Learned a level 4 spell: Olgreb's Toxic Radiance
 12491 | D:11     | Killed a two-headed ogre
 12504 | D:11     | Noticed a death yak
 12680 | D:11     | Offered knowledge of Static Discharge by Vehumet.
 13137 | D:11     | Found a staircase to the Lair.
 13137 | D:11     | Noticed a death yak
 13186 | D:11     | Reached XP level 12. HP: 59/59 MP: 21/21
 13227 | D:11     | Got a distressingly furry helmet
 13328 | D:11     | Identified the +0 helmet of the Lute {rF+ Regen+ Slay+6}
                  | (You found it on level 11 of the Dungeon)
 13469 | D:11     | Noticed a six-headed hydra
 13481 | D:11     | Killed a six-headed hydra
 13481 | D:11     | Reached skill level 16 in Earth Magic
 13603 | D:11     | Noticed a death yak
 13632 | D:11     | Killed a death yak
 13682 | D:11     | Noticed a death yak
 13690 | D:11     | Noticed a death yak
 13692 | D:11     | Noticed a death yak
 13797 | D:12     | Reached skill level 5 in Poison Magic
 13959 | D:12     | Reached ***** piety under Vehumet
 13977 | D:12     | Noticed a two-headed ogre
 13977 | D:12     | Noticed Sonja
 13987 | D:12     | Cast into level 1 of the Abyss (Sonja)
 14003 | D:12     | Escaped the Abyss
 14004 | D:12     | Killed Sonja
 14052 | D:12     | Offered knowledge of Fulminant Prism by Vehumet.
 14144 | D:12     | Found a staircase to the Orcish Mines.
 14171 | D:12     | Noticed Psyche
 14173 | D:12     | Killed Psyche
 14372 | D:12     | Noticed a two-headed ogre
 14386 | D:12     | Killed a two-headed ogre
 14499 | D:12     | Noticed an ogre mage
 14531 | D:12     | Killed an ogre mage
 14822 | D:12     | Noticed a five-headed hydra
 14832 | D:12     | Killed a five-headed hydra
 14919 | D:12     | Reached skill level 17 in Earth Magic
 14919 | D:12     | Reached XP level 13. HP: 63/63 MP: 9/24
 15516 | Lair:1   | Entered Level 1 of the Lair of Beasts
 16693 | Lair:2   | Reached skill level 10 in Conjurations
 16810 | Lair:2   | Noticed Maggie
 16816 | Lair:2   | Killed Maggie
 17819 | Lair:3   | Found a hole to the Spider Nest.
 18162 | Lair:3   | Offered knowledge of Freezing Cloud by Vehumet.
 18208 | Lair:3   | Reached skill level 18 in Earth Magic
 19048 | Lair:4   | Gained mutation: Your large and strong wings let you fly
                  | indefinitely. [Gargoyle growth]
 19048 | Lair:4   | Reached XP level 14. HP: 58/68 MP: 18/26
 19187 | Lair:4   | Noticed Rupert
 19587 | Lair:4   | Found a staircase to the Swamp.
 19767 | Lair:4   | Paralysed by Rupert for 4 turns
 19802 | Lair:4   | Killed Rupert
 20069 | Lair:5   | Found a dark tunnel.
 20082 | Volcano  | Entered a volcano
 20193 | Volcano  | Reached skill level 1 in Shields
 20251 | Volcano  | Found a bloodstained altar of Trog.
 20251 | Volcano  | Noticed a red draconian
 20259 | Volcano  | Mangled by a red draconian

Illustrated notes

Levels and vault maps discovered:
D:1:      lightli_arrival_isolated_outpost, layout_basic
D:2:      layout_loops_corners, fedhas_ov_isle_minmay, uniq_crazy_yiuf_cottage,
          uniq_natasha
D:3:      cheibrodos_helix_gallery, layout_basic,
          amethyst_overflow_temple_binary, first_ration, tgw_xom
D:4:      layout_basic, lemuel_crystal_altar, old_standard_altar, minmay_cut_off
D:5:      layout_loops_corners, temple_doors_cd, portal_sewer_entry_a
D:6:      layout_loops_ring, nicolae_overflow_hidden_temple, marbit_many_paths,
          kennysheep_little_box, enter_ossuary_2, uniq_blork_the_orc,
          uniq_prince_ribbit1
D:7:      minmay_chambers_of_fours, layout_gridville
D:8:      layout_rooms, kennysheep_mini_moat, serial_shops, kennysheep_mini,
          nicolae_shop_trees, nicolae_shop_window_shopping,
          nicolae_shop_temple_entry_statues_fountains, shop, minivault_11
D:9:      layout_cave_pools, nicolae_qazlal_eye_of_the_storm, elyvilon_altar_4,
          lemuel_crystal_altar, old_standard_altar
D:10:     layout_loops_ring, nicolae_trove_entry_free_sample, grunt_pizzeria,
          minmay_misc_feat_more_columns
D:11:     layout_loops_cross, dpeg_lair_monsters, lemuel_flamethrower_2
D:12:     layout_loops_ring, orc_david_3, kennysheep_diamond,
          minmay_mirror_moons_of_madness, uniq_sonja, uniq_psyche
Temple:   pf_slimified_temple
Lair:1:   layout_gridlike, grunt_megastairs_5
Lair:2:   layout_regular_city, grunt_megastairs_2, serial_bayou_shore_a,
          uniq_maggie
Lair:3:   layout_big_grid, nicolae_spider_entry_tight_spaces
Lair:4:   layout_layer_cave, nicolae_swamp_entry_splash_gauntlet, uniq_rupert
Lair:5:   layout_regular_city, enter_volcano_2, basic_altar, minmay_holes
Volcano:  volcano_grotto [vgs_trial_by_fire]

Skill      XL: |  1  2  3  4  5  6  7  8  9 10 11 12 13 14 |
---------------+-------------------------------------------+-----
Earth Magic    | 4 6 7 8 10 11 13 14 15 17 18 | 18.7
Conjurations   | 1 2 3 5 6 8 9 10 11 | 11.0
Spellcasting   | 3 4 5 6 7 8 9 |  9.0
Dodging        | 3 4 5 6 7 8 |  8.3
Poison Magic   | 2 4 6 7 |  7.0
Shields        | 2 |  2.1
Stealth        | |  2.1
Transmutations | |  0.7

Action                   |  1- 3 |  4- 6 |  7- 9 | 10-12 | 13-15 || total
-------------------------+-------+-------+-------+-------+-------++-------
Melee: Unarmed           |    10 |       |       |       |       ||    10
       Dagger            |    54 |   147 |   259 |   187 |   173 ||   820
 Cast: Sandblast         |    13 |    35 |    66 |   243 |   164 ||   521
       Lee's Rapid Decon |       |       |     5 |    34 |    24 ||    63
       Stone Arrow       |       |       |       |    19 |    39 ||    58
       Mephitic Cloud    |       |       |       |    11 |     9 ||    20
       Olgreb's Toxic Ra |       |       |       |       |     7 ||     7
  Use: Scroll            |       |     6 |     4 |    10 |     7 ||    27
       Potion            |       |       |       |     3 |     2 ||     5
 Stab: Sleeping          |     4 |     4 |     5 |       |     2 ||    15
       Confused          |       |       |       |     3 |       ||     3
  Eat: Chunk             |     1 |    11 |    15 |    21 |    15 ||    63
       Ration            |       |       |       |     3 |     2 ||     5
Armor: Robe              |    29 |    43 |    83 |   148 |    76 ||   379
Dodge: Dodged            |    49 |    70 |   226 |   447 |   244 ||  1036
       Repelled          |       |       |       |     7 |       ||     7
